 Dungeon Crawl Stone Soup version 0.29.1-1-gd02db6906a (webtiles) character file.

Game seed: 6591393976254036201

10 Kaiern the Caller (level 2, 0/17 HPs)
             Began as an Octopode Summoner on Oct 6, 2022.
             Slain by a ball python (2 damage)
             ... on level 1 of the Dungeon.
             The game lasted 00:01:12 (140 turns).

Kaiern the Caller (Octopode Summoner)                Turns: 140, Time: 00:01:12

Health: 0/17       AC:  1    Str:  7    XL:     2   Next: 20%
Magic:  1/5        EV: 13    Int: 17    God:
Gold:   0          SH:  0    Dex: 12    Spells: 2/5 levels left

rFire   . . .      SeeInvis .   b - +3 dagger (venom)
rCold   . . .      Faith    .   (no shield)
rNeg    . . .      Spirit   .   (helmet restricted)
rPois   .          Reflect  .   (no amulet)
rElec   .          Harm     .   (no ring)
rCorr   .          Rampage  .   (no ring)
Will    .....                   (no ring)
Stlth   +++.......              (no ring)
HPRegen 0.05/turn               (no ring)
MPRegen 0.09/turn               (no ring)
                                (no ring)
                                (no ring)

@: no status effects
A: almost no armour, amphibious, 8 rings, camouflage 1, gelatinous body 1,
(nimble swimmer 1), tentacles
a: no special abilities


You were on level 1 of the Dungeon.
You visited 1 branch of the dungeon, and saw 1 of its levels.

Inventory:

Hand Weapons
 b - a +3 dagger of venom (weapon)
Potions
 a - a potion of magic


   Skills:
 + Level 2.2 Dodging
 + Level 3.0 Stealth
 + Level 2.2 Spellcasting
 + Level 4.1 Summonings


You had 2 spell levels left.
You knew the following spells:

 Your Spells              Type           Power      Damage    Failure   Level
a - Summon Small Mammal   Summ           60%        N/A       3%          1
b - Call Imp              Summ           15%        N/A       5%          2

Your spell library contained the following spells:

 Spells                   Type           Power      Damage    Failure   Level
 Call Canine Familiar     Summ           15%        N/A       11%         3
 Summon Guardian Golem    Hex/Summ       8%         N/A       24%         3
 Summon Lightning Spire   Summ/Air       8%         N/A       63%         4


Dungeon Overview and Level Annotations

Branches:
Dungeon (1/15)

Altars:


Innate Abilities, Weirdness & Mutations

You cannot wear most types of armour.
You are amphibious.
You can wear up to eight rings at the same time.
Your skin changes colour to match your surroundings (Stealth+).
Your rubbery body absorbs attacks. (AC +1, EV +1)
((You are camouflaged when in or above water. (Stealth+)))
You have tentacles for arms and can constrict up to eight enemies at once.


Message History

The ball python constricts you. The rat closely misses you.
The ball python bites you. The ball python constricts you.
You escape the ball python's grasp.
The rat attacks as you move away! The rat misses you.
Your crimson imp hits the rat.
The rat dies!
The jackal bites you but does no damage.
You hit the jackal but do no damage. Your grab misses the jackal.
The jackal barely misses you. The ball python barely misses you.
The ball python grabs you. The ball python constricts you.
Your crimson imp blinks!
Casting: Call Imp (safe; 5% risk of failure)
Confirm with . or Enter, or press ? or * to list all spells.
The jackal barely misses you. The jackal bites you.
The ball python closely misses you. The ball python constricts you.
The jackal closely misses you. The jackal bites you.
Your crimson imp hits the jackal.
You hit the jackal.
You kill the jackal!
The ball python misses your bat.
The ball python closely misses your bat.
The ball python bites you.
* * * LOW HITPOINT WARNING * * *
The ball python constricts you.
* * * LOW HITPOINT WARNING * * *
The jackal bites you.
* * * LOW HITPOINT WARNING * * *
The ball python completely misses your bat.
The ball python closely misses your bat.
Your bat hits the jackal but does no damage.
You escape the ball python's grasp.
Your bat hits the jackal. The jackal bites your bat.
The ball python misses your crimson imp.
The ball python barely misses your crimson imp.
Your bat misses the jackal.
Your crimson imp blinks!
You closely miss the ball python. Your grab misses the ball python.
Your bat hits the jackal but does no damage.
The jackal closely misses your bat.
Your bat misses the ball python. The ball python bites you.
You die...

#...## ####...###
.........############
..................... #
.............†...###### .###
.......#####..........##....
.......#...#..†.............
.#######.8.#.....bh........
.#.........#....@S......#
##........##.....S..)...#
'.........#....⌠........#
'.....<...#...⌠.........#
'.........#....⌠........#
##........##............#
.#.........#.....5......#
.#######.8.#.....##.......
.. #...#..... #.......


You could see a jackal (ally target), 2 ball pythons, a friendly crimson imp
(summoned) and a friendly bat (summoned).

Vanquished Creatures
  A goblin (D:1)
  A hobgoblin (D:1)
  A jackal (D:1)
3 creatures vanquished.

Vanquished Creatures (collateral kills)
  A goblin (D:1)
  A jackal (D:1)
  2 ball pythons (D:1)
  2 rats (D:1)
6 creatures vanquished.

Grand Total: 9 creatures vanquished

Notes
Turn   | Place    | Note
-------+----------+-------------------------------------------
     0 | D:1      | Kaiern the Octopode Summoner began the quest for the Orb.
     0 | D:1      | Reached XP level 1. HP: 11/11 MP: 3/3
   129 | D:1      | Reached XP level 2. HP: 13/17 MP: 3/5
   133 | D:1      | Learned a level 2 spell: Call Imp
   140 | D:1      | Slain by a ball python

Illustrated notes

Levels and vault maps discovered:
D:1:      wander_arrival_estate, layout_rooms, minmay_misc_feat_columns,
          minmay_indecisive_spiral

Skill      XL: |  1 |
---------------+----+-----
Stealth        | 3 |  3.0
Dodging        | |  2.2
Spellcasting   | |  2.2
Summonings     | |  4.1

Action                   || total
-------------------------++-------
Melee: Unarmed           ||     3
       Dagger            ||     5
       Constrict         ||     2
 Cast: Summon Small Mamm ||     6
       Call Imp          ||     1
Armor: Skin              ||     1
Dodge: Dodged            ||    13
